[Event "Titled Tuesday Blitz May 17 Early 2022"]
[White "Kamsky, Gata"]
[Black "Zhigalko, Sergei"]
[WhiteFideId "2000024"]
[BlackFideId "13502956"]
[WhiteElo "2645"]
[BlackElo "2662"]
[Result "1-0"]
[Round "11"]
[TimeControl "180+1"]
[Date "2022.05.17"]
[WhiteClock "0:00:06"]
[BlackClock "0:00:01"]

1. e4 c5 2. Nf3 Nc6 3. d4 cxd4 4. Nxd4 Nf6 5. Nc3 e5 6. Ndb5 d6 7. Bg5 a6 8. Na3 b5 9. Nd5 Be7 10. Bxf6 Bxf6 11. c3 Bg5 12. Nc2 Ne7 13. Ncb4 O-O 14. Be2 a5 15. Nxe7+ Qxe7 16. Nd5 Qb7 17. Qd3 Rb8 18. O-O Be6 19. Rfd1 g6 20. Qg3 Bd8 21. Bg4 Kh8 22. Bf3 Qd7 23. h3 f5 24. Rd3 Bxd5 25. Rxd5 fxe4 26. Bxe4 Bb6 27. Rf1 Rf4 28. Qd3 Qf7 29. Qe2 Rf8 30. Rxd6 Bxf2+ 31. Kh1 b4 32. Rdd1 Bg3 33. Rxf4 Qxf4 34. Qf3 bxc3 35. bxc3 Rc8 36. Qxf4 Bxf4 37. Rd3 Kg7 38. g3 Bc1 39. Kg2 Bb2 40. Rd7+ Kh6 41. h4 Bxc3 42. g4 1-0


[Site "https://www.chess.com"]

[Event "Titled Tuesday Blitz May 17 Early 2022"]
[White "Khabinets, Ivan"]
[Black "Samunenkov, Ihor"]
[WhiteFideId "14115980"]
[BlackFideId "14187086"]
[WhiteElo "2114"]
[BlackElo "2409"]
[Result "1-0"]
[Round "11"]
[TimeControl "180+1"]
[Date "2022.05.17"]
[WhiteClock "0:00:14"]
[BlackClock "0:00:02"]

1. Nf3 c5 2. c4 Nf6 3. g3 Nc6 4. d4 cxd4 5. Nxd4 Qb6 6. Nc2 Ne5 7. Ne3 Nfg4 8. Nxg4 Nxg4 9. e3 Qc6 10. f3 Ne5 11. Bg2 Qxc4 12. Na3 Qa6 13. Bf1 Qa5+ 14. Bd2 Qb6 15. Be2 d6 16. O-O g6 17. f4 Nc6 18. Nc4 Qd8 19. Bc3 Rg8 20. Rc1 Bg7 21. Bf3 Bxc3 22. Rxc3 Bd7 23. a3 Rc8 24. Qd2 Be6 25. Rfc1 f6 26. Bd5 Kf7 27. e4 Qd7 28. Re1 Rc7 29. Rce3 Re8 30. b4 Bxd5 31. exd5 Nb8 32. Qd4 b5 33. Na5 Rcc8 34. Re6 Rc7 35. h4 Qd8 36. h5 Qd7 37. Qd3 Qd8 38. Kg2 Qd7 39. Rh1 Kg7 40. Kf3 Rcc8 41. Qe2 Na6 42. Qh2 Rh8 43. Rhe1 Rce8 44. Qe2 1-0


[Site "https://www.chess.com"]

[Event "Titled Tuesday Blitz May 17 Early 2022"]
[White "Klekowski, Maciej"]
[Black "Sadhwani, Raunak"]
[WhiteFideId "1132717"]
[BlackFideId "35093487"]
[WhiteElo "2476"]
[BlackElo "2616"]
[Result "0-1"]
[Round "11"]
[TimeControl "180+1"]
[Date "2022.05.17"]
[WhiteClock "0:00:40"]
[BlackClock "0:00:56"]

1. c4 e5 2. g3 Nc6 3. Bg2 Bc5 4. Nc3 d6 5. e3 a6 6. Nge2 Ba7 7. d4 Nge7 8. O-O h5 9. h4 Bg4 10. f3 Bf5 11. Kh2 Ng6 12. d5 Nce7 13. e4 Bd7 14. Qd3 O-O 15. Be3 Bxe3 16. Qxe3 f5 17. Qg5 f4 18. Qxh5 fxg3+ 19. Kxg3 Rf6 20. Rg1 Nh8 21. Kf2 Nf7 22. Bh1 Rh6 23. Ng3 g6 24. Qxh6 Nxh6 25. h5 g5 26. Nf1 Nf7 27. Ne3 Kh7 28. Ng4 Bxg4 29. fxg4 Ng8 30. Kg3 Nfh6 31. Raf1 Qd7 32. Bf3 Rf8 33. Ne2 Nf6 34. Rg2 Nfxg4 0-1


[Site "https://www.chess.com"]

[Event "Titled Tuesday Blitz May 17 Early 2022"]
[White "Kosteniuk, Alexandra"]
[Black "Ianov, Viktor"]
[WhiteFideId "4128125"]
[BlackFideId "14102730"]
[WhiteElo "2469"]
[BlackElo "2152"]
[Result "1-0"]
[Round "11"]
[TimeControl "180+1"]
[Date "2022.05.17"]
[WhiteClock "0:00:26"]
[BlackClock "0:00:51"]

1. e4 d6 2. d4 Nf6 3. Nc3 c6 4. Nf3 Bg4 5. a4 e6 6. Be2 d5 7. h3 Bh5 8. e5 Nfd7 9. g4 Bg6 10. h4 h5 11. Ng5 c5 12. gxh5 Bf5 13. f4 cxd4 14. Nb5 Nc6 15. Nxd4 Nxd4 16. Qxd4 Bxc2 17. a5 Bc5 18. Qd2 Rc8 19. b4 Be7 20. Ba3 Bf5 21. Rc1 a6 22. Kf2 f6 23. Nf3 Kf7 24. Nd4 Be4 25. Rxc8 Qxc8 26. Rc1 Qd8 27. f5 Nxe5 28. fxe6+ Kg8 29. Rg1 f5 30. h6 Bxh4+ 31. Kf1 Bf6 32. hxg7 Rh7 33. b5 Rxg7 34. Rxg7+ Bxg7 35. e7 Qe8 36. Ne6 Qg6 37. Nf4 Qe8 38. Bh5 Qxb5+ 39. Ne2 Nf7 40. Qb4 f4 41. Qxb5 axb5 42. e8=Q+ 1-0


[Site "https://www.chess.com"]

[Event "Titled Tuesday Blitz May 17 Early 2022"]
[White "Kucuksari, Kaan"]
[Black "Harsha Bharathakoti"]
[WhiteFideId "6380166"]
[BlackFideId "5078776"]
[WhiteElo "2305"]
[BlackElo "2575"]
[Result "1-0"]
[Round "11"]
[TimeControl "180+1"]
[Date "2022.05.17"]
[WhiteClock "0:00:59"]
[BlackClock "0:01:43"]

1. d4 Nf6 2. c4 g6 3. g3 Bg7 4. Bg2 O-O 5. Nc3 d6 6. Nf3 Nbd7 7. O-O e5 8. e4 exd4 9. Nxd4 Re8 10. h3 Nc5 11. Re1 Bd7 12. Be3 Qc8 13. Kh2 Ncxe4 14. Nxe4 Nxe4 15. Re2 a6 16. Qe1 c5 17. Nb3 Nf6 18. Rd1 Bc6 19. Rxd6 Bxg2 20. Kxg2 b5 21. Nxc5 Rxe3 22. Rxe3 Qxc5 23. Qd2 Bf8 24. Rxf6 bxc4 25. Ref3 Ra7 26. Qe3 Qxe3 27. Rxe3 Bg7 28. Re8+ Bf8 29. Rc6 Kg7 30. Rxc4 Rb7 31. b3 1-0


[Site "https://www.chess.com"]

[Event "Titled Tuesday Blitz May 17 Early 2022"]
[White "Matinian, Nikita"]
[Black "Vasquez Schroeder, Rodrigo"]
[WhiteFideId "24129100"]
[BlackFideId "3400042"]
[WhiteElo "2422"]
[BlackElo "2567"]
[Result "0-1"]
[Round "11"]
[TimeControl "180+1"]
[Date "2022.05.17"]
[WhiteClock "0:00:01"]
[BlackClock "0:00:49"]

1. e4 c5 2. Nf3 d6 3. d4 cxd4 4. Nxd4 Nf6 5. Nc3 a6 6. Rg1 h6 7. g4 g5 8. b3 e6 9. Bb2 Be7 10. Qe2 Nbd7 11. O-O-O Ne5 12. h3 Nfd7 13. Bg2 b5 14. Kb1 Bb7 15. Rgf1 Qb6 16. f4 gxf4 17. Rxf4 O-O-O 18. Qf1 Rh7 19. a4 b4 20. Nce2 Bg5 21. h4 Bxf4 22. Qxf4 Rg8 23. Bh3 Rhg7 24. Nf3 Qf2 25. Nxe5 Qxe2 26. Nxf7 Qxd1+ 27. Ka2 e5 28. Qf5 Kc7 29. Nxh6 Rf8 30. Qe6 Qxc2 31. Nf5 Bxe4 32. Qxd6+ Kd8 33. Qxb4 Rxf5 34. gxf5 Rg1 35. Ka3 Rb1 36. Qa5+ Ke8 37. Qc3 Qxc3 38. Bxc3 Nc5 39. Bb2 Nd3 40. Bc3 Bd5 0-1


[Site "https://www.chess.com"]

[Event "Titled Tuesday Blitz May 17 Early 2022"]
[White "Oganian, Miran"]
[Black "Agasarov, Benik"]
[WhiteFideId "4122488"]
[BlackFideId "13314823"]
[WhiteElo "2357"]
[BlackElo "2611"]
[Result "0-1"]
[Round "11"]
[TimeControl "180+1"]
[Date "2022.05.17"]
[WhiteClock "0:01:32"]
[BlackClock "0:00:41"]

1. e4 c5 2. Nf3 e6 3. c3 Nf6 4. e5 Nd5 5. d4 cxd4 6. cxd4 d6 7. Bc4 Be7 8. O-O Nc6 9. Bd2 O-O 10. Nc3 Nxc3 11. Bxc3 dxe5 12. dxe5 Qxd1 13. Rfxd1 b6 14. Bb5 Nb8 15. Rac1 Bb7 16. Bd4 Rd8 17. Rc7 Bxf3 18. gxf3 Bc5 19. Rd3 Na6 20. Bxc5 Nxc7 21. Be7 Rxd3 22. Bxd3 Nd5 23. Bd6 Rc8 24. Be4 Nf4 25. h4 h5 26. Kh2 Rc1 27. Kg3 Ne2+ 28. Kh2 Ra1 29. a3 Ra2 30. b4 Nc3 31. Bc6 Rxf2+ 32. Kg3 Ra2 33. b5 Ne2+ 34. Kh3 Nd4 35. Be8 Nxf3 36. Kg3 Nd4 37. Kf4 Rb2 38. Bb4 Nc2 39. Bd6 Rb3 40. Kg5 Nxa3 41. Kxh5 Nxb5 42. Be7 Nd4 43. Kg5 Nf3+ 44. Kg4 Nxe5+ 45. Kf4 Ng6+ 46. Kg5 0-1


[Site "https://www.chess.com"]

[Event "Titled Tuesday Blitz May 17 Early 2022"]
[White "Ohanyan, Emin"]
[Black "Bachmann, Axel"]
[WhiteFideId "13312022"]
[BlackFideId "3700488"]
[WhiteElo "1927"]
[BlackElo "2587"]
[Result "0-1"]
[Round "11"]
[TimeControl "180+1"]
[Date "2022.05.17"]
[WhiteClock "0:00:02"]
[BlackClock "0:00:45"]

1. e4 c6 2. d4 d5 3. Nc3 dxe4 4. Nxe4 Nf6 5. Nxf6+ exf6 6. Bd3 Bd6 7. Qh5 g6 8. Qh6 Bf8 9. Qe3+ Be6 10. Ne2 Nd7 11. Nf4 Bh6 12. O-O Qb6 13. d5 Bxf4 14. Qxf4 Bxd5 15. Be3 Qxb2 16. Bd4 Qb4 17. Rfe1+ Be6 18. Rab1 Qa5 19. Bxf6 Nxf6 20. Rxe6+ fxe6 21. Qxf6 Kd7 22. Rxb7+ Kc8 23. Rb1 Rd8 24. Qxe6+ Kc7 25. Be4 Qc5 26. Bf3 Re8 27. Qf7+ Qe7 28. Qf4+ Qe5 29. Qb4 Rab8 0-1


[Site "https://www.chess.com"]

[Event "Titled Tuesday Blitz May 17 Early 2022"]
[White "Oparin, Grigoriy"]
[Black "Fiorito, Fabian"]
[WhiteFideId "24125890"]
[BlackFideId "100200"]
[WhiteElo "2665"]
[BlackElo "2395"]
[Result "1-0"]
[Round "11"]
[TimeControl "180+1"]
[Date "2022.05.17"]
[WhiteClock "0:01:55"]
[BlackClock "0:01:33"]

1. e4 c6 2. Nc3 d5 3. Nf3 Bg4 4. h3 Bxf3 5. Qxf3 Nf6 6. g3 e6 7. Bg2 Bb4 8. O-O O-O 9. exd5 cxd5 10. Ne2 Nc6 11. d4 Rc8 12. c3 Be7 13. Nf4 b5 14. a3 a5 15. b4 axb4 16. axb4 Ne4 17. Rd1 Bd6 18. Bf1 Qb6 19. Nh5 f5 20. Bd2 Ra8 21. Qd3 g6 22. Nf4 Nxd2 23. Qxd2 Bxf4 24. Qxf4 Rfc8 25. Qd6 Rxa1 26. Qxe6+ Kg7 27. Rxa1 Rc7 28. Ra8 Ne7 29. Qxb6 1-0


[Site "https://www.chess.com"]

[Event "Titled Tuesday Blitz May 17 Early 2022"]
[White "Paravyan, David"]
[Black "Neiksans, Arturs"]
[WhiteFideId "4194985"]
[BlackFideId "11601388"]
[WhiteElo "2569"]
[BlackElo "2447"]
[Result "1/2-1/2"]
[Round "11"]
[TimeControl "180+1"]
[Date "2022.05.17"]
[WhiteClock "0:00:05"]
[BlackClock "0:00:06"]

1. e4 c5 2. Nf3 e6 3. d4 cxd4 4. Nxd4 a6 5. Nc3 b5 6. Bd3 Bb7 7. O-O Nc6 8. Nxc6 Bxc6 9. Re1 Qb8 10. a4 bxa4 11. Nxa4 Bd6 12. h3 Ne7 13. Be3 Bh2+ 14. Kh1 Bf4 15. Qf3 Bxe3 16. Qxe3 Bxa4 17. Rxa4 Qxb2 18. e5 Ng6 19. h4 O-O 20. h5 Ne7 21. Rg4 f5 22. exf6 Qxf6 23. h6 g6 24. Kg1 Nf5 25. Bxf5 Qxf5 26. Rd4 Rf7 27. Red1 d5 28. c4 Raf8 29. cxd5 exd5 30. f3 Rd7 31. Qc3 Qf6 32. Qb3 Qf7 33. Rxd5 Rxd5 34. Rxd5 a5 35. Qb2 Ra8 36. Qd4 Rf8 37. Rxa5 Qf6 38. Qd7 g5 39. Qd5+ Kh8 40. Qxg5 Qxg5 41. Rxg5 Rf6 42. Rh5 Kg8 43. Kf2 Kf7 44. g4 Kg6 45. Kg3 Ra6 46. f4 Ra3+ 47. Kh4 Ra1 48. f5+ Kf6 49. Kg3 Ra3+ 50. Kf2 Ra4 51. Rh4 Kg5 52. Rh3 Kxg4 53. Rc3 Kxf5 54. Rc6 Kg5 55. Kg3 Ra3+ 56. Kg2 Kg4 57. Rc7 Ra2+ 58. Kg1 Kg5 59. Rxh7 Kg6 60. Rh8 Ra7 61. Kg2 Rh7 62. Rxh7 Kxh7 63. Kg3 Kxh6 1/2-1/2


[Site "https://www.chess.com"]

[Event "Titled Tuesday Blitz May 17 Early 2022"]
[White "Pesotskiy, Mikhail"]
[Black "FGHSMN"]
[WhiteFideId "34164453"]
[WhiteElo "2010"]
[BlackElo "2751"]
[Result "0-1"]
[Round "11"]
[TimeControl "180+1"]
[Date "2022.05.17"]
[WhiteClock "0:00:02"]
[BlackClock "0:00:48"]

1. d4 Nf6 2. c4 e6 3. Nc3 c5 4. d5 exd5 5. cxd5 d6 6. e4 g6 7. Bd3 Bg7 8. h3 O-O 9. Nf3 a6 10. a4 Nbd7 11. O-O Re8 12. Re1 Ne5 13. Nxe5 Rxe5 14. Bf4 Nh5 15. Bxe5 Bxe5 16. Bf1 Qg5 17. Qf3 Nf4 18. Kh1 h5 19. Ne2 Bg4 20. Qe3 Bxe2 21. Rxe2 Bd4 22. Qd2 Qe5 23. Ree1 Bxb2 24. g3 Bxa1 25. gxf4 Qc3 26. Qxc3 Bxc3 27. Rb1 Bb4 28. Kg2 Kf8 29. Kf3 Re8 30. h4 Ke7 31. Bh3 b5 32. Bf1 Rb8 33. axb5 axb5 34. e5 dxe5 35. fxe5 Bc3 36. Rxb5 Rxb5 37. Bxb5 Bxe5 38. Bc4 Kd6 39. Kg2 Bf6 40. Kg3 Be7 41. f4 f6 42. Bd3 g5 43. fxg5 fxg5 44. hxg5 Bxg5 45. Bc4 Ke5 0-1


[Site "https://www.chess.com"]

[Event "Titled Tuesday Blitz May 17 Early 2022"]
[White "Petrovskyi, Vadym"]
[Black "Sargsyan, Anna M."]
[WhiteFideId "14165210"]
[BlackFideId "13308130"]
[WhiteElo "2400"]
[BlackElo "2271"]
[Result "1-0"]
[Round "11"]
[TimeControl "180+1"]
[Date "2022.05.17"]
[WhiteClock "0:01:29"]
[BlackClock "0:00:13"]

1. e4 e5 2. Nf3 Nc6 3. d4 exd4 4. Bc4 Nf6 5. e5 d5 6. Bb5 Ne4 7. Nxd4 Bd7 8. Bxc6 bxc6 9. O-O Be7 10. f3 Nc5 11. f4 Ne6 12. c3 c5 13. Nf5 Bb5 14. Rf2 Bf8 15. Ng3 c4 16. f5 Nc5 17. Na3 Bc6 18. Qh5 Nd3 19. e6 Qe7 20. Bg5 g6 21. exf7+ Qxf7 22. Re2+ Kd7 23. fxg6 hxg6 24. Qg4+ Kd6 25. Rf1 Bd7 26. Qd4 Qh7 27. Rf6+ Be6 28. Rfxe6+ Kd7 29. Qxd5+ Bd6 30. Re7+ 1-0


[Site "https://www.chess.com"]

[Event "Titled Tuesday Blitz May 17 Early 2022"]
[White "Pinheiro, Iung Alicio de O."]
[Black "Dronavalli, Harika"]
[WhiteFideId "2104350"]
[BlackFideId "5015197"]
[WhiteElo "2283"]
[BlackElo "2382"]
[Result "0-1"]
[Round "11"]
[TimeControl "180+1"]
[Date "2022.05.17"]
[WhiteClock "0:00:16"]
[BlackClock "0:00:55"]

1. c4 Nf6 2. g3 g6 3. Bg2 Bg7 4. Nc3 O-O 5. d3 d6 6. e4 c5 7. Nge2 Nc6 8. O-O Rb8 9. Rb1 Ne8 10. Be3 Nd4 11. b4 Nc7 12. Qd2 b6 13. Bh6 e5 14. Nxd4 cxd4 15. Nd5 Nxd5 16. cxd5 Bd7 17. Bxg7 Kxg7 18. b5 Rc8 19. Rfc1 Rxc1+ 20. Qxc1 Qb8 21. h4 Rc8 22. Qd2 Rc3 23. h5 f6 24. f4 Qc7 25. fxe5 dxe5 26. h6+ Kf7 27. Rf1 Rc2 28. Qd1 Qc3 29. Qf3 f5 30. exf5 gxf5 31. Qh5+ Ke7 32. Qg5+ Kd6 33. Qf6+ Kc7 34. Qxe5+ Kc8 35. Qh8+ Kc7 36. d6+ Kxd6 37. Qxh7 Qd2 38. Qg6+ Be6 0-1


[Site "https://www.chess.com"]

[Event "Titled Tuesday Blitz May 17 Early 2022"]
[White "Rohith Krishna S"]
[Black "De Silva, L M S T"]
[WhiteFideId "46617051"]
[BlackFideId "9953698"]
[WhiteElo "2117"]
[BlackElo "1631"]
[Result "1-0"]
[Round "11"]
[TimeControl "180+1"]
[Date "2022.05.17"]
[WhiteClock "0:02:05"]
[BlackClock "0:01:07"]

1. Nf3 d5 2. g3 Nf6 3. Bg2 e6 4. O-O Be7 5. d4 O-O 6. c4 dxc4 7. Ne5 c6 8. Nc3 a6 9. a4 Nd5 10. Nxc4 b5 11. axb5 cxb5 12. Nxb5 Bb7 13. Na5 Qb6 14. Nc3 Nxc3 15. bxc3 Bxg2 16. Kxg2 Nc6 17. Qa4 Rfc8 18. Bd2 Nxa5 19. Qxa5 Qc6+ 20. Kg1 Qc4 21. Rfe1 Bd8 22. Qa4 Qxa4 23. Rxa4 a5 24. c4 Rab8 25. c5 Rb5 26. Rea1 e5 27. e3 exd4 28. exd4 Bf6 29. R1a3 Bxd4 30. Rxd4 Rbxc5 31. Rxa5 Rxa5 32. Bxa5 h6 33. Rd8+ Rxd8 34. Bxd8 f5 35. Kg2 f4 36. gxf4 g6 37. h4 Kh7 38. Kg3 h5 39. f5 Kh6 40. Bg5+ Kg7 41. Kf4 Kh7 42. f6 Kg8 43. Ke5 Kh8 44. f7 Kg7 45. Ke6 Kh7 46. Kf6 1-0


[Site "https://www.chess.com"]

[Event "Titled Tuesday Blitz May 17 Early 2022"]
[White "Rustemov, Alexander"]
[Black "Ciorgovean, Iustin"]
[WhiteFideId "4119002"]
[BlackFideId "1242911"]
[WhiteElo "2792"]
[BlackElo "2075"]
[Result "0-1"]
[Round "11"]
[TimeControl "180+1"]
[Date "2022.05.17"]
[WhiteClock "0:00:04"]
[BlackClock "0:00:17"]

1. d4 Nf6 2. c4 c5 3. d5 b5 4. cxb5 a6 5. e3 axb5 6. Bxb5 Ba6 7. Bxa6 Nxa6 8. Nc3 g6 9. Nf3 Bg7 10. O-O O-O 11. e4 d6 12. h3 Qb6 13. Re1 Nd7 14. Qe2 Rfb8 15. a4 Nc7 16. Ra3 Qb4 17. Nd2 Bxc3 18. bxc3 Qb7 19. Nc4 Qa6 20. a5 f6 21. f4 Qb5 22. Bd2 Qa6 23. Kh2 Rf8 24. Rb3 f5 25. exf5 Rxf5 26. Qxe7 Qxc4 27. Rb7 Rf7 28. Qxd6 Ne8 29. Qc6 Nef6 30. Rxd7 Raf8 31. Rxf7 Rxf7 32. d6 Qd3 33. Bc1 Nh5 34. Qe4 Qxd6 35. Qe5 Qd3 36. Qe8+ Kg7 37. Qe5+ Kg8 38. Qxc5 Qg3+ 39. Kg1 Qxe1+ 40. Kh2 Qxc1 41. Qc8+ Kg7 42. a6 Qxf4+ 43. Kg1 Qe3+ 44. Kh2 Qe5+ 45. Kg1 Ng3 46. a7 Rf1+ 47. Kh2 Rh1# 0-1


[Site "https://www.chess.com"]

[Event "Titled Tuesday Blitz May 17 Early 2022"]
[White "Salem, A.R. Saleh"]
[Black "Martinez Alcantara, Jose Eduardo"]
[WhiteFideId "9301348"]
[BlackFideId "3805662"]
[WhiteElo "2679"]
[BlackElo "2690"]
[Result "0-1"]
[Round "11"]
[TimeControl "180+1"]
[Date "2022.05.17"]
[WhiteClock "0:00:01"]
[BlackClock "0:00:12"]

1. d4 Nf6 2. c4 e6 3. Nc3 Bb4 4. a3 Bxc3+ 5. bxc3 c5 6. f3 Nc6 7. e4 d6 8. Be3 b6 9. Bd3 e5 10. Ne2 h6 11. O-O Bd7 12. a4 g5 13. d5 Na5 14. Ng3 Rg8 15. Ra2 Qe7 16. Kh1 Kd8 17. Kg1 Kc7 18. Qe2 Qe8 19. Rfa1 Nb3 20. Rb1 Na5 21. Qd1 h5 22. h3 h4 23. Nf5 Nh5 24. Rb5 Bxb5 25. axb5 Nb7 26. Qa1 f6 27. Ra6 Ng7 28. Nh6 Rf8 29. Nf5 Nxf5 30. exf5 Na5 31. Be4 Kd7 32. Qa4 Ke7 33. Kf2 Qd8 34. Ke2 Qc7 35. Kd3 Rab8 36. Qa2 Rb7 37. Qf2 Qd7 38. Qd2 Rc7 39. Qa2 Rh8 40. Qd2 Rg8 41. Qf2 Nb7 42. Ra1 a5 43. bxa6 Na5 44. g3 hxg3 45. Qxg3 Qc8 46. Ra4 Qxa6 47. h4 b5 48. hxg5 bxa4 49. gxf6+ Kf7 50. Qh4 Qxc4+ 51. Kd2 Rg2+ 52. Bf2 Rxf2+ 53. Qxf2 Qa2+ 54. Bc2 Nb3+ 55. Ke3 Qb2 56. Qh4 Qxc3+ 57. Ke2 Qxc2+ 58. Kf1 Qxf5 59. Qh8 Qxf3+ 60. Ke1 Qe3+ 61. Kf1 Nd2+ 62. Kg2 Qf3+ 63. Kg1 Qg4+ 64. Kf2 Ne4+ 65. Ke3 Nxf6 66. Qd8 Nxd5+ 67. Kf2 Qf4+ 68. Kg2 Ne3+ 69. Kh1 Qf3+ 70. Kh2 Qg2# 0-1


[Site "https://www.chess.com"]

[Event "Titled Tuesday Blitz May 17 Early 2022"]
[White "Seemann, Jakub"]
[Black "Deac, Bogdan-Daniel"]
[WhiteFideId "21874697"]
[BlackFideId "1226380"]
[WhiteElo "2003"]
[BlackElo "2648"]
[Result "0-1"]
[Round "11"]
[TimeControl "180+1"]
[Date "2022.05.17"]
[WhiteClock "0:00:02"]
[BlackClock "0:00:12"]

1. e4 c5 2. Nf3 Nc6 3. Bb5 e6 4. O-O Nge7 5. Re1 a6 6. Bf1 b6 7. c3 d5 8. d4 dxe4 9. Rxe4 cxd4 10. cxd4 Bb7 11. Nc3 Nd5 12. Bg5 Be7 13. Bxe7 Ncxe7 14. Re1 O-O 15. Ne5 Rc8 16. Rc1 Nf5 17. Qg4 Nf6 18. Qh3 Qxd4 19. Rcd1 Qb4 20. g4 Nd4 21. g5 Nd5 22. Nxd5 Bxd5 23. Bd3 g6 24. Re3 Qe7 25. Qh6 f6 26. Ng4 fxg5 27. Rh3 Nf3+ 28. Kf1 Qg7 29. Rxf3 Bxf3 30. Qxg5 Bxd1 0-1


[Site "https://www.chess.com"]

[Event "Titled Tuesday Blitz May 17 Early 2022"]
[White "Shipov, Sergei"]
[Black "Keymer, Vincent"]
[WhiteFideId "4113624"]
[BlackFideId "12940690"]
[WhiteElo "2797"]
[BlackElo "2548"]
[Result "1/2-1/2"]
[Round "11"]
[TimeControl "180+1"]
[Date "2022.05.17"]
[WhiteClock "0:00:02"]
[BlackClock "0:00:05"]

1. d4 c6 2. c4 Nf6 3. Nc3 d5 4. Nf3 Bf5 5. cxd5 Nxd5 6. g3 e6 7. Bg2 Nd7 8. O-O Nxc3 9. bxc3 Be4 10. Bh3 Be7 11. Nd2 Bg6 12. e4 O-O 13. Re1 Re8 14. Bg2 c5 15. Nc4 cxd4 16. cxd4 Rc8 17. Qe2 b5 18. Ne3 Nb6 19. h4 h5 20. Rd1 a6 21. Bb2 Na4 22. Rac1 Nxb2 23. Qxb2 Qa5 24. Qb3 Qa3 25. Rxc8 Rxc8 26. d5 Qxb3 27. axb3 Bb4 28. e5 exd5 29. Nxd5 Bf8 30. Nf4 Bf5 31. Bd5 Re8 32. Ra1 Rxe5 33. Rxa6 g6 34. Rb6 b4 35. Rb7 Re7 36. Rb8 Kg7 37. Kg2 Rd7 38. Kg1 Bd6 39. Rb5 Re7 40. Bf3 Re1+ 41. Kg2 Rb1 42. Nxh5+ Kh6 43. Nf6 Rxb3 44. g4 Bd3 45. Rd5 Be7 46. g5+ Kg7 47. Ng4 Bf1+ 48. Kxf1 Rxf3 49. Kg2 Rc3 50. Rd7 Kf8 51. Rb7 b3 52. Ne5 Rc2 53. Rxb3 Bd6 54. Ng4 Rc4 55. f3 Kg7 56. Rd3 Rc2+ 57. Kh3 Bf4 58. Rd4 Bc7 59. f4 Rc3+ 60. Kg2 Rc2+ 61. Kf3 Rc3+ 62. Ke4 Bb6 63. Rd7 Rc4+ 64. Kf3 Bc7 65. Ne5 Bxe5 66. fxe5 Kf8 67. Kg3 Re4 68. Rd5 Ke7 69. Ra5 Ke6 70. Ra6+ Ke7 71. Rf6 Rxe5 72. Kg4 Re4+ 73. Kg3 Re6 74. Rf4 Re3+ 75. Kg4 Re5 76. Kg3 Rd5 77. Kg4 Rd7 78. Kg3 Ke6 79. Kg4 Ke5 80. Rf6 Rd4+ 81. Kg3 Rd3+ 82. Kg4 Rd7 83. Kg3 Rc7 84. Kg4 Rc4+ 85. Kg3 Rc7 86. Kg4 Re7 87. Kg3 Kd5 88. Kg4 Ke5 89. h5 gxh5+ 90. Kxh5 Rd7 91. Kh6 Rd6 92. Rxd6 Kxd6 93. Kg7 Ke6 94. g6 fxg6 95. Kxg6 1/2-1/2


[Site "https://www.chess.com"]

[Event "Titled Tuesday Blitz May 17 Early 2022"]
[White "Sirosh, Ilja"]
[Black "Seo, Jung Min"]
[WhiteFideId "4500458"]
[BlackFideId "1734687"]
[WhiteElo "2241"]
[BlackElo "2401"]
[Result "1/2-1/2"]
[Round "11"]
[TimeControl "180+1"]
[Date "2022.05.17"]
[WhiteClock "0:00:07"]
[BlackClock "0:00:04"]

1. e4 c5 2. Nf3 d6 3. d4 cxd4 4. Nxd4 Nf6 5. Nc3 a6 6. Bc4 Nbd7 7. Be3 Qc7 8. Bb3 Nc5 9. f3 e6 10. Qe2 b5 11. a3 Nxb3 12. cxb3 Bd7 13. g4 Qb7 14. g5 Nh5 15. b4 g6 16. Nb3 Rc8 17. O-O-O Be7 18. Na5 Qa8 19. Kb1 O-O 20. Rc1 Rfe8 21. Qd2 Bf8 22. Bd4 Qb8 23. Ne2 Rxc1+ 24. Rxc1 Rc8 25. Rd1 Be8 26. Ng3 Ng7 27. h4 d5 28. Qf2 dxe4 29. Nxe4 Nh5 30. Bc3 e5 31. f4 Qa8 32. Re1 Bd7 33. Ka1 Bf5 34. Ng3 Nxg3 35. Qxg3 exf4 36. Qxf4 Bg7 37. Bxg7 Kxg7 38. h5 Qd5 39. h6+ Kf8 40. Qe3 Qe6 41. Qd2 Qd7 42. Qf4 Re8 43. Rc1 Qe7 44. Qd4 Qe5 45. Qb6 Be6 46. Qc5+ Qxc5 47. bxc5 Bc8 48. b4 Re5 49. Kb2 Rxg5 50. c6 Rd5 51. c7 f5 52. Nc6 Rd6 53. Na7 Bd7 54. c8=Q+ Bxc8 55. Nxc8 Re6 56. Rc7 g5 57. Rxh7 f4 58. Rh8+ Kf7 59. h7 Kg7 60. Rg8+ Kxh7 61. Rxg5 Rf6 62. Rg2 f3 63. Rf2 Kg6 64. Ne7+ Kg5 65. Nd5 Rf7 66. Nc3 Kg4 67. Ne4 Kf4 68. Nd2 Ke3 69. Rxf3+ Rxf3 70. Nxf3 Kxf3 71. a4 Ke3 72. axb5 axb5 73. Kc3 Ke4 74. Kc2 Kd4 75. Kd2 Kc4 76. Kc2 Kd4 77. Kd2 Ke4 78. Kc2 Kd4 1/2-1/2


[Site "https://www.chess.com"]

[Event "Titled Tuesday Blitz May 17 Early 2022"]
[White "Tarigan, Gilbert Elroy"]
[Black "Chigaev, Maksim"]
[WhiteFideId "7108133"]
[BlackFideId "4108116"]
[WhiteElo "1908"]
[BlackElo "2457"]
[Result "1-0"]
[Round "11"]
[TimeControl "180+1"]
[Date "2022.05.17"]
[WhiteClock "0:01:28"]
[BlackClock "0:00:44"]

1. e4 e5 2. Nf3 Nc6 3. Bb5 a6 4. Ba4 Nge7 5. O-O Ng6 6. d4 b5 7. Bb3 Nxd4 8. Nxd4 exd4 9. c3 dxc3 10. Qd5 Qf6 11. Qxa8 Bd6 12. Nxc3 O-O 13. Qd5 Be5 14. Qd2 Qh4 15. g3 Qh3 16. f4 Bd6 17. Qg2 Bc5+ 18. Kh1 Qh5 19. Bd1 1-0


[Site "https://www.chess.com"]

[Event "Titled Tuesday Blitz May 17 Early 2022"]
[White "Timofeev, Artyom"]
[Black "Zavgorodniy, Sergiy"]
[WhiteFideId "4140419"]
[BlackFideId "14110148"]
[WhiteElo "2594"]
[BlackElo "2420"]
[Result "1/2-1/2"]
[Round "11"]
[TimeControl "180+1"]
[Date "2022.05.17"]
[WhiteClock "0:00:05"]
[BlackClock "0:00:07"]

1. e4 e5 2. Nc3 Nf6 3. Bc4 c6 4. d4 Bb4 5. dxe5 Nxe4 6. Qd4 d5 7. exd6 O-O 8. Ne2 Nxc3 9. bxc3 Bxd6 10. O-O Qc7 11. Bf4 Bxf4 12. Nxf4 Nd7 13. Rfe1 Nf6 14. Bd3 Rd8 15. Qe3 Bd7 16. h3 Re8 17. Qf3 Rad8 18. a4 Qa5 19. Rxe8+ Rxe8 20. Rb1 Bc8 21. Rb4 c5 22. Rb5 Qxa4 23. Rxc5 a5 24. Kh2 Qa3 25. Rc4 Qd6 26. Qg3 Bd7 27. Rd4 Qe5 28. Ne2 Qxg3+ 29. Kxg3 a4 30. Nc1 Bc6 31. Na2 g6 32. Nb4 Bd7 33. c4 Rc8 34. Rd6 Kg7 35. Rb6 Bc6 36. Nxc6 bxc6 37. Ra6 Nd7 38. Rxa4 Nc5 39. Ra5 Nxd3 40. cxd3 Rd8 41. Rc5 Rxd3+ 42. Kf4 Rd6 43. Ke5 Re6+ 44. Kd4 Kf6 45. f4 Ke7 46. Re5 Rxe5 47. Kxe5 f6+ 48. Kd4 Kd6 49. g4 c5+ 50. Ke4 Ke6 51. f5+ gxf5+ 52. gxf5+ Kd6 53. Kf4 h6 54. Ke4 h5 55. Kf4 h4 56. Kg4 Ke5 57. Kxh4 Kxf5 58. Kg3 Ke4 59. h4 Ke3 60. Kg4 Ke4 61. Kg3 Ke3 62. h5 f5 63. h6 f4+ 64. Kg4 f3 65. h7 f2 66. h8=Q f1=Q 67. Qe5+ Kd3 68. Qxc5 Kc3 69. Qe5+ Kxc4 70. Qf4+ Qxf4+ 71. Kxf4 1/2-1/2


[Site "https://www.chess.com"]